 Dungeon Crawl Stone Soup version 0.32-a0-485-g70f7560b1c (webtiles) character file.

Game seed: 7647002692438743135

461 jasper the Ruffian (level 7, -17/52 HPs)
             Began as a Gnoll Shapeshifter on Feb 26, 2024.
             Demolished by a gnoll
             ... wielding a +2 spear of distortion
              (18 damage)
             ... on level 5 of the Dungeon.
             The game lasted 00:05:10 (2969 turns).

jasper the Ruffian (Gnoll Shapeshifter)             Turns: 2969, Time: 00:05:10

Health: -17/52     AC:  5    Str: 16    XL:     7   Next: 7%
Magic:  10/10      EV: 12    Int:  9    God:
Gold:   109        SH:  0    Dex: 11    Spells: 10/10 levels left

rFire   . .          .
                       - Unarmed
rCold   . . .        (no shield)
rNeg    + . .        e - +0 ring mail
rPois   .            (helmet currently unavailable)
rElec   .            (cloak currently unavailable)
rCorr   .            (gloves currently unavailable)
SInv    .            (boots currently unavailable)
Will    .....        (no amulet)
Stlth   +            s - ring of positive energy
HPRegen 0.28/turn    (no ring)
MPRegen 0.12/turn

%: no passive effects
@: brilliant, beast-form
A: beast (slay +3), fangs 1, strong nose, distributed training
a: Begin Untransformation


You were on level 5 of the Dungeon.
You were a hulking beast.
You visited 1 branch of the dungeon, and saw 5 of its levels.

You collected 277 gold pieces.
You spent 168 gold pieces at shops.

Inventory:

Hand Weapons
 u - the +0 sling of Action {drain, Will+++ Str-3 Stlth+}
   (You found it on level 2 of the Dungeon)

   Str-3:     It affects your strength (-3).
   Will+++:   It greatly increases your willpower.
   Stlth+:    It makes you more stealthy.
 y - a +0 demon blade of venom
Missiles
 j - 41 stones (quivered)
 n - 5 poisoned darts
Armour
 a - a +0 animal skin
 e - a +0 ring mail (worn)
 F - a +2 cloak of stealth
Jewellery
 s - a ring of positive energy (left hand)
 A - an amulet of magic regeneration
Talismans
 c - a beast talisman (active)
 d - a flux talisman
Wands
 E - a wand of flame (12)
Scrolls
 l - 3 scrolls of immolation
 o - a scroll of enchant armour {unknown}
 p - a scroll of silence {unknown}
 r - 5 scrolls of enchant weapon {unknown}
 x - a scroll of noise {unknown}
 z - 3 scrolls of identify
 D - a scroll of poison {unknown}
Potions
 b - a potion of lignification
 f - a potion of brilliance
 g - 2 potions of enlightenment {unknown}
 h - a potion of heal wounds {unknown}
 i - a potion of degeneration {unknown}
 k - 2 potions of might {unknown}
 m - a potion of attraction {unknown}
 q - 2 potions of mutation {unknown}
 t - 3 potions of magic {unknown}
 v - a potion of haste {unknown}
 w - a potion of invisibility {unknown}
 B - a potion of cancellation {unknown}
 C - 6 potions of curing


   Skills:
 + Level 3.5 Fighting
 + Level 2.3 Short Blades
 + Level 2.3 Long Blades
 + Level 2.3 Axes
 + Level 2.3 Maces & Flails
 + Level 2.3 Polearms
 + Level 2.3 Staves
 + Level 2.3 Ranged Weapons
 + Level 2.3 Throwing
 + Level 2.3 Armour
 + Level 5.1 Dodging
 + Level 2.3 Stealth
 + Level 2.3 Shields
 + Level 7.0 Unarmed Combat
 + Level 2.3 Spellcasting
 + Level 1.9 Conjurations
 + Level 1.9 Hexes
 + Level 1.9 Summonings
 + Level 1.9 Necromancy
 + Level 1.9 Translocations
 + Level 1.9 Fire Magic
 + Level 1.9 Ice Magic
 + Level 1.9 Air Magic
 + Level 1.9 Earth Magic
 + Level 1.9 Alchemy
 + Level 2.5 Invocations
 + Level 2.3 Evocations
 + Level 6.9 Shapeshifting


You had 10 spell levels left.
You didn't know any spells.
Your spell library was empty.

Dungeon Overview and Level Annotations

Branches:
Dungeon (5/15)
 Temple: D:4-7

Altars:
Ashenzari

Shops:
D:5 !


Innate Abilities, Weirdness & Mutations

You are a hulking beast.
Your limbs bulge with bestial killing power. (Slay +3)
You have very sharp teeth.
Your uncanny sense of smell can sniff out nearby items.
Your experience applies equally to all skills.


Message History

The orc hits you with a +0 club.
You take 6 damage, and have 27/52 hp.
The gnoll attacks as it pursues you! The gnoll hits you but does no damage.
The orc barely misses you. The orc attacks as it pursues you!
The orc barely misses you. The gnoll attacks as it pursues you!
The gnoll hits you from afar with a +0 spear.
You take 2 damage, and have 25/52 hp.
You punch the orc!
You kill the orc!
You hit the gnoll but do no damage. You barely miss the gnoll.
The gnoll closely misses you.
You punch the gnoll!
The gnoll is heavily wounded.
The gnoll hits you with a +0 club.
You take 4 damage, and have 22/52 hp.
You barely miss the gnoll.
The gnoll is heavily wounded.
The gnoll misses you. The gnoll closely misses you.
You hit the gnoll.
You kill the gnoll!
The gnoll hits you from afar with a +0 spear.
You take 1 damage, and have 21/52 hp.
The gnoll attacks as it pursues you!
The gnoll hits you from afar with a +0 spear!
* * * LOW HITPOINT WARNING * * *
You take 6 damage, and have 15/52 hp.
The gnoll attacks as it pursues you!
The gnoll hits you from afar with a +0 spear!
* * * LOW HITPOINT WARNING * * *
You take 8 damage, and have 8/52 hp.
The gnoll hits you with a +0 spear.
* * * LOW HITPOINT WARNING * * *
You take 4 damage, and have 4/52 hp.
It was a potion of brilliance.
You feel clever all of a sudden.
The gnoll hits you from afar with a +2 spear of distortion.
* * * LOW HITPOINT WARNING * * *
Space warps horribly around you!!
You die...

######### ........#
#.# #h# #g# #g# #.#
#. #W############...
#....#.)........
.......##g..#....#..
####......)##.g..##
#.#.##..#......#


You could see a phantom and 2 gnolls.

Vanquished Creatures
  A bombardier beetle (D:3)
  3 orc priests
  A hound (D:4)
  Crazy Yiuf (D:4)
  A sleepcap (D:5)
  2 hound zombies (D:3)
  A hound skeleton (D:3)
  A gnoll (D:5)
  9 adders
  2 ufetubi (D:5)
  2 adder skeletons (D:3)
  3 dart slugs
  4 ribbon worms
  14 orcs
  5 endoplasms
  4 giant cockroaches
  6 hobgoblins
  3 quokkas
  8 ball pythons
  A ball python skeleton (D:3)
  3 bats
  4 frilled lizards
  6 goblins
  11 kobolds
  4 rats
100 creatures vanquished.

Notes
Turn   | Place    | Note
-------+----------+-------------------------------------------
     0 | D:1      | jasper the Gnoll Shapeshifter began the quest for the Orb.
     0 | D:1      | Reached XP level 1. HP: 17/17 MP: 1/1
   201 | D:1      | Reached XP level 2. HP: 23/23 MP: 2/2
   617 | D:1      | Reached XP level 3. HP: 28/28 MP: 3/3
   816 | D:2      | Reached skill level 1 in Invocations
   941 | D:2      | Reached skill level 1 in Short Blades
   941 | D:2      | Reached skill level 1 in Long Blades
   941 | D:2      | Reached skill level 1 in Axes
   941 | D:2      | Reached skill level 1 in Maces & Flails
   941 | D:2      | Reached skill level 1 in Polearms
   941 | D:2      | Reached skill level 1 in Staves
   941 | D:2      | Reached skill level 1 in Ranged Weapons
   941 | D:2      | Reached skill level 1 in Throwing
   941 | D:2      | Reached skill level 1 in Armour
   941 | D:2      | Reached skill level 1 in Stealth
   941 | D:2      | Reached skill level 1 in Shields
   941 | D:2      | Reached skill level 1 in Spellcasting
   941 | D:2      | Reached skill level 1 in Evocations
   951 | D:2      | Reached XP level 4. HP: 26/34 MP: 5/5
  1045 | D:2      | Reached skill level 1 in Conjurations
  1045 | D:2      | Reached skill level 1 in Hexes
  1045 | D:2      | Reached skill level 1 in Summonings
  1045 | D:2      | Reached skill level 1 in Necromancy
  1045 | D:2      | Reached skill level 1 in Translocations
  1045 | D:2      | Reached skill level 1 in Fire Magic
  1045 | D:2      | Reached skill level 1 in Ice Magic
  1045 | D:2      | Reached skill level 1 in Air Magic
  1045 | D:2      | Reached skill level 1 in Earth Magic
  1045 | D:2      | Reached skill level 1 in Alchemy
  1214 | D:2      | Identified the +0 sling of Action {drain, Will+++ Str-3
                  | Stlth+}
  1440 | D:3      | Found a broken altar of Ashenzari.
  1538 | D:3      | Reached XP level 5. HP: 41/41 MP: 5/7
  1803 | D:3      | Reached XP level 6. HP: 45/47 MP: 8/8
  2148 | D:4      | Reached skill level 5 in Dodging
  2718 | D:4      | Found a runed translucent door.
  2719 | D:4      | Noticed Crazy Yiuf
  2731 | D:4      | Killed Crazy Yiuf
  2800 | D:5      | Entered Level 5 of the Dungeon
  2869 | D:5      | Reached XP level 7. HP: 52/52 MP: 10/10
  2871 | D:5      | Reached skill level 7 in Unarmed Combat
  2907 | D:5      | Found Dites's Distillery.
  2920 | D:5      | Bought a potion of curing for 42 gold pieces
  2920 | D:5      | Bought a potion of curing for 42 gold pieces
  2920 | D:5      | Bought a potion of curing for 42 gold pieces
  2920 | D:5      | Bought a potion of curing for 42 gold pieces
  2969 | D:5      | HP: 1/52 [gnoll/+2 spear of distortion (4)]
  2969 | D:5      | Demolished by a gnoll

Illustrated notes

Levels and vault maps discovered:
D:1:      ldierk_walled_garden, layout_basic, kennysheep_decorative_pillar,
          moated_statue
D:2:      layout_rooms, kennysheep_boxes
D:3:      layout_rooms, overflow_temple_1_default, serial_undead,
          serial_undead_e, serial_undead_d, serial_undead_c, serial_undead_f,
          kennysheep_doodads
D:4:      minmay_evil_eye, layout_loops_ring, uniq_crazy_yiuf_cottage
D:5:      layout_basic, kennysheep_little_box, serial_shops, shop,
          minmay_misc_feat_iff, minmay_fractal_squares_gapless_5

Skill      XL: |  1  2  3  4  5  6  7 |
---------------+----------------------+-----
Invocations    | 1 2 |  2.5
Short Blades   | 1 2 |  2.3
Long Blades    | 1 2 |  2.3
Axes           | 1 2 |  2.3
Maces & Flails | 1 2 |  2.3
Polearms       | 1 2 |  2.3
Staves         | 1 2 |  2.3
Ranged Weapons | 1 2 |  2.3
Throwing       | 1 2 |  2.3
Armour         | 1 2 |  2.3
Stealth        | 1 2 |  2.3
Shields        | 1 2 |  2.3
Spellcasting   | 1 2 |  2.3
Evocations     | 1 2 |  2.3
Conjurations   | 1 |  1.9
Hexes          | 1 |  1.9
Summonings     | 1 |  1.9
Necromancy     | 1 |  1.9
Translocations | 1 |  1.9
Fire Magic     | 1 |  1.9
Ice Magic      | 1 |  1.9
Air Magic      | 1 |  1.9
Earth Magic    | 1 |  1.9
Alchemy        | 1 |  1.9
Fighting       | 3 |  3.5
Dodging        | 5 |  5.1
Unarmed Combat | 7 |  7.0
Shapeshifting  | |  6.9

Action                     |  1- 3 |  4- 6 |  7- 9 || total
---------------------------+-------+-------+-------++-------
  Melee: Unarmed           |    75 |   141 |    13 ||   229
         Bite              |     7 |    18 |     2 ||    27
         Punch             |     1 |     6 |       ||     7
   Fire: Sling             |       |    25 |       ||    25
    Use: Scroll            |     2 |       |       ||     2
         Potion            |       |       |     1 ||     1
 Armour: Ring mail         |    35 |    68 |    17 ||   120
  Dodge: Dodged            |    55 |    85 |    15 ||   155
   Form: Beast             |     1 |       |       ||     1
         Flux              |     1 |       |       ||     1

Table legend: (Time is in decaauts)
 A = Elapsed time spent in this place.
 B = Non-inter-level travel time spent in this place.
 C = Inter-level travel time spent in this place.
 D = Time resting spent in this place.
 E = Time spent auto-exploring this place.
 F = Levels seen in this place.
 G = Mean time per level.
                   A        B        C        D        E       F      G
               +--------+--------+--------+--------+--------+-----+--------+
         Total |   2979 |   2865 |    114 |      0 |   2178 |   5 |  595.8 |
       Dungeon |   2979 |   2865 |    114 |      0 |   2178 |   5 |  595.8 |
               +--------+--------+--------+--------+--------+-----+--------+

Top non-repeatable levels by time:
     D:4: 818 daAuts
     D:1: 792 daAuts
     D:2: 650 daAuts
     D:3: 551 daAuts
     D:5: 166 daAuts
